 Dungeon Crawl Stone Soup version 0.30.1-9-gdf580d7c3d (webtiles) character file.

Game seed: 15315326278842972142

682 tizbic2 the Trooper (level 7, -7/71 HPs)
             Began as an Ogre Warper on Sept 25, 2023.
             Was a Priest of Zin.
             Mangled by an orc warrior
             ... wielding a +0 hand axe
              (13 damage)
             ... on level 6 of the Dungeon.
             The game lasted 00:32:16 (5334 turns).

tizbic2 the Trooper (Ogre Warper)                   Turns: 5334, Time: 00:32:17

Health: -7/71      AC:  4    Str: 22    XL:     7   Next: 61%
Magic:  12/12      EV:  9    Int: 13    God:    Zin [***...]
Gold:   333        SH:  0    Dex:  7    Spells: 11/13 levels left

rFire   . . .        t - +0 giant spiked club
rCold   . . .        (shield currently unavailable)
rNeg    . . .        i - +0 robe
rPois   .            (helmet restricted)
rElec   .            x - +0 cloak
rCorr   .            (gloves unavailable)
SInv    .            (boots unavailable)
Will    .....        (no amulet)
Stlth   +            (no ring)
HPRegen 0.31/turn    (no ring)
MPRegen 0.13/turn

%: no passive effects
@: on recite cooldown, flying
A: large, unfitting armour, tough skin 1, hooves 1, strong 1, wild magic 1
a: Renounce Religion, Recite, Vitalisation, Imprison, Donate Gold


You were on level 6 of the Dungeon.
You worshipped Zin.
Zin was most pleased with you.
You visited 1 branch of the dungeon, and saw 6 of its levels.

You collected 369 gold pieces.
You donated 36 gold pieces to Zin.

Inventory:

Hand Weapons
 a - a +0 mace
 t - a +0 giant spiked club (weapon)
 B - a +0 war axe
Missiles
 d - 7 boomerangs of dispersal
 f - 45 stones
 h - 2 throwing nets
 p - 5 poisoned darts (quivered)
Armour
 i - a +0 robe (worn)
 x - a +0 cloak (worn)
Wands
 n - a wand of paralysis (14)
 v - a wand of digging (1)
 y - a wand of acid (15)
Scrolls
 c - 3 scrolls of blinking
 g - 2 scrolls of immolation
 j - a scroll of magic mapping {unknown}
 l - a scroll of poison {unknown}
 o - a scroll of fog {unknown}
 r - 2 scrolls of enchant armour {unknown}
 u - 3 scrolls of vulnerability {unknown}
Potions
 e - a potion of mutation
 k - a potion of heal wounds {unknown}
 m - a potion of attraction {unknown}
 A - a potion of degeneration {unknown}


   Skills:
 + Level 4.5 Fighting
 - Level 2.7(3.7) Axes
 * Level 3.4(3.8) Maces & Flails
 - Level 1.7 Throwing
 - Level 2.3 Dodging
 - Level 1.3 Shields
 + Level 3.8 Spellcasting
 + Level 3.7 Translocations
 + Level 2.0 Air Magic
 + Level 2.4 Invocations


You had 11 spell levels left.
You knew the following spells:

 Your Spells              Type           Power      Damage    Failure   Level
a - Blink                 Tloc           30%        N/A       11%         2

Your spell library contained the following spells:

 Spells                   Type           Power      Damage    Failure   Level
 Apportation              Tloc           30%        N/A       8%          1
 Lesser Beckoning         Tloc           30%        N/A       11%         2
 Momentum Strike          Conj/Tloc      18%        3d8       21%         2
 Teleport Other           Tloc           15%        N/A       21%         3
 Vhi's Electric Charge    Tloc/Air       26%        N/A       26%         3
 Kiss of Death            Conj/Necr      12%        2d6       30%         1
 Poisonous Vapours        Pois/Air       12%        N/A       30%         2
 Manifold Assault         Tloc           15%        N/A       50%         4
 Mephitic Cloud           Conj/Pois/Air  5%         N/A       52%         3
 Confusing Touch          Hex            3%         N/A       63%         3
 Inner Flame              Hex/Fire       3%         N/A       63%         3
 Dispel Undead            Necr           3%         3d7       95%         4
 Summon Forest            Summ/Tloc      4%         N/A       97%         5
 Freezing Cloud           Conj/Ice/Air   2%         6-21      99%         5
 Alistair's Intoxication  Tmut/Pois      2%         N/A       100%        5
 Summon Mana Viper        Hex/Summ       3%         N/A       100%        5
 Yara's Violent Unravell  Hex/Tmut       1%         3d3       100%        5
 Summon Cactus Giant      Summ           1%         N/A       100%        6
 Enfeeble                 Hex            1%         N/A       100%        7


Dungeon Overview and Level Annotations

Branches:
Dungeon (6/15)
 Temple: D:4-7

Altars:
Gozag
Hepliaklqana
Yredelemnul
Zin

Shops:
D:4 =

Annotations:
D:4 3 runed translucent doors, coolio's ghost, amateur DsCj
D:6 3 runed translucent doors, Xrynn's ghost, novice MiFi


Innate Abilities, Weirdness & Mutations

You are too large for most types of armour.
You have tough skin. (AC +1)
You have large cloven feet.
Your muscles are strong. (Str +4, Int/Dex -1)
Your spells are a little harder to cast, but a little more powerful.


Message History

2 orcs come into view.
The orc shouts! x2
The orc warrior hits you with a +0 hand axe!
The orc moves out of view.
You closely miss the orc warrior. You kick the orc warrior.
The orc warrior is lightly wounded.
The orc warrior hits you with a +0 hand axe. x2
You closely miss the orc warrior.
You kick the orc warrior, but do no damage.
The orc warrior is lightly wounded.
The orc warrior hits you with a +0 hand axe.
Okay, then.
Activating: Recite (1% risk of failure)
Press: ? - help, Dir - look around, f - activate You clear your throat and prepare to recite. "To the devout, Zin provideth.
From the rest..."
The orc is struck blind by the wrath of Zin!
The orc is smitten by the wrath of Zin.
You kill the orc!
The orc warrior hits you with a +0 hand axe.
You closely miss the orc.
Your kick misses the orc. "...ye agents of filth, ye guilty..."
The orc warrior hits you with a +0 hand axe!
* * * LOW HITPOINT WARNING * * *
The orc misses you. The orc hits you with a +3 mace.
* * * LOW HITPOINT WARNING * * *
The orc warrior hits you with a +0 hand axe.
* * * LOW HITPOINT WARNING * * *
It was a potion of magic.
Magic courses through your body. "...of impurity, Zin taketh."
You finish reciting Ablutions 5:32.
The orc warrior hits you with a +0 hand axe!
Zin protects you from harm! The orc hits you with a +3 mace.
* * * LOW HITPOINT WARNING * * *
It was a potion of flight.
You feel very buoyant.
You fly up into the air.
The orc warrior hits you with a +0 hand axe!
You die...

≈......######..#
≈≈≈.... #..#
≈≈≈≈...######..#
≈≈≈≈...........#
≈≈≈......[....#
...........#
........)..#
...........#
..........@#
.###......oo#
#.........)
..........##..
###.....#### #.#
#.....# # ###.##
..


You could see an orc warrior and an orc (blind).

Vanquished Creatures
  An ice beast (D:5)
  An ogre (D:5)
  2 bullfrogs (D:6)
  2 jellies
  3 orc priests
  A hound (D:5)
  2 orc wizards (D:5)
  5 adders
  4 dart slugs
  12 orcs
  9 ball pythons
  6 endoplasms
  A giant cockroach (D:1)
  11 goblins
  7 hobgoblins
  5 kobolds
  4 quokkas
  6 bats
  3 frilled lizards
  5 rats
  A spectral hobgoblin (D:3)
91 creatures vanquished.

Vanquished Creatures (collateral kills)
  An endoplasm (D:1)
  2 ball pythons (D:1)
3 creatures vanquished.

Grand Total: 94 creatures vanquished

Notes
Turn   | Place    | Note
-------+----------+-------------------------------------------
     0 | D:1      | tizbic2 the Ogre Warper began the quest for the Orb.
     0 | D:1      | Reached XP level 1. HP: 22/22 MP: 3/3
   221 | D:1      | Reached XP level 2. HP: 29/29 MP: 3/5
   640 | D:1      | Reached XP level 3. HP: 36/36 MP: 6/6
   998 | D:2      | Reached skill level 3 in Fighting
  1073 | D:2      | Learned a level 2 spell: Blink
  1151 | D:2      | Reached skill level 1 in Shields
  1367 | D:2      | Reached XP level 4. HP: 11/45 MP: 8/8
  1648 | D:3      | Found a hazy altar of Hepliaklqana.
  1664 | D:3      | Gained mutation: Your spells are a little harder to cast,
                  | but a little more powerful. [potion of mutation]
  1664 | D:3      | Gained mutation: You have large cloven feet. [potion of
                  | mutation]
  1664 | D:3      | Gained mutation: Your muscles are strong. (Str +4, Int/Dex
                  | -1) [potion of mutation]
  2629 | D:4      | Found an opulent altar of Gozag.
  2647 | D:4      | Found a runed translucent gate.
  2648 | D:4      | Found a runed translucent gate.
  2649 | D:4      | Found a runed translucent gate.
  2650 | D:4      | Noticed coolio's ghost (amateur DsCj)
  2781 | D:4      | Found a glowing silver altar of Zin.
  2793 | D:4      | Became a worshipper of Zin the Law-Giver
  2793 | D:4      | Reached * piety under Zin
  2862 | D:4      | Found a basalt altar of Yredelemnul.
  3025 | D:4      | Reached XP level 5. HP: 48/53 MP: 9/9
  3030 | D:4      | Found Maqeuw's Jewellery Boutique.
  3144 | D:4      | Reached ** piety under Zin
  3366 | D:5      | Entered Level 5 of the Dungeon
  3433 | D:5      | Reached skill level 1 in Axes
  3607 | D:5      | Reached skill level 1 in Invocations
  3721 | D:5      | Reached XP level 6. HP: 42/61 MP: 10/10
  3728 | D:5      | Reached skill level 1 in Air Magic
  3913 | D:5      | Noticed an ice beast
  4048 | D:5      | Killed an ice beast
  4049 | D:5      | Reached skill level 4 in Fighting
  4303 | D:5      | Reached *** piety under Zin
  4384 | D:5      | Reached XP level 7. HP: 48/70 MP: 12/12
  4817 | D:6      | Found a runed translucent gate.
  4817 | D:6      | Found a runed translucent gate.
  4817 | D:6      | Noticed Xrynn's ghost (novice MiFi)
  4818 | D:6      | Found a runed translucent gate.
  5333 | D:6      | Zin protects you from harm!
  5334 | D:6      | Mangled by an orc warrior

Illustrated notes

Levels and vault maps discovered:
D:1:      nagdon_arrival_double_spiral, layout_basic,
          hangedman_abyss_or_decor_stabs, minmay_distorted
D:2:      layout_rooms
D:3:      layout_basic, nicolae_hepliaklqana_monster_ancestors
D:4:      layout_basic, pdpol_temple_overflow_zin_treasury_gozag_greed,
          overflow_temple_1_default, serial_shops, shop,
          biasface_ghost_orc_armoury, kennysheep_generic_room_16
D:5:      layout_loops_ring, nicolae_hexahallways, minivault_19
D:6:      layout_basic, mainiacjoe_overflow_alcove_4, temple_pool_b,
          gammafunk_ghost_nasty_kobolds, hangedman_minor_gate_pass

Skill      XL: |  1  2  3  4  5  6  7 |
---------------+----------------------+-----
Maces & Flails | 2 3 |  3.4
Fighting       | 3 4 |  4.5
Shields        | 1 |  1.3
Translocations | 3 |  3.7
Axes           | 1 2 |  2.7
Spellcasting   | 3 |  3.8
Invocations    | 1 2 |  2.4
Air Magic      | 1 2 |  2.0
Throwing       | |  1.7
Dodging        | |  2.3

Action                     |  1- 3 |  4- 6 |  7- 9 || total
---------------------------+-------+-------+-------++-------
  Melee: Mace              |   133 |    78 |     8 ||   219
         Trident           |       |    27 |     3 ||    30
         Kick              |       |    22 |    11 ||    33
         Punch             |       |     3 |       ||     3
         War axe           |       |    23 |       ||    23
         Giant spiked club |       |       |    40 ||    40
  Throw: Dart              |       |     3 |     3 ||     6
 Invoke: Recite            |       |     3 |     1 ||     4
         Vitalisation      |       |       |     1 ||     1
  Evoke: Wand              |       |     1 |       ||     1
    Use: Scroll            |     7 |     2 |       ||     9
         Potion            |     1 |     3 |     3 ||     7
   Stab: Paralysed         |       |     1 |       ||     1
         Confused          |       |     1 |       ||     1
 Armour: Robe              |    71 |    49 |    20 ||   140
  Dodge: Dodged            |   114 |    65 |    36 ||   215
